 Dungeon Crawl Stone Soup version 0.26-a0-612-gd4d190f45e (webtiles) character file.

Game seed: 5527357100138462847

4117 Gargoyl the Fighter (level 10, -4/82 HPs)
             Began as a Gnoll Abyssal Knight on Sept 9, 2020.
             Was a High Priest of Lugonu.
             Slain by an orc warrior
             ... wielding a +0 short sword
              (15 damage)
             ... on level 7 of the Dungeon.
             The game lasted 00:11:32 (10190 turns).

Gargoyl the Fighter (Gnoll Abyssal Knight)         Turns: 10190, Time: 00:11:33

Health: -4/82      AC: 14    Str: 18    XL:     10   Next: 26%
Magic:  26/26      EV:  8    Int: 14    God:    Lugonu [*****.]
Gold:   332        SH:  0    Dex: 15    Spells: 19/19 levels left

rFire    . . .     SeeInvis .   x - +1 hand axe (vamp)
rCold    . . .     Faith    .   (no shield)
rNeg     . . .     Spirit   .   d - +0 plate armour
rPois    +         Reflect  .   p - +0 helmet
rElec    .         Harm     .   (no cloak)
rCorr    .                      (no gloves)
MR       .....                  (no boots)
Stlth    ..........             s - amulet of magic regeneration
HPRegen  0.23/turn              k - ring of magical power
MPRegen  0.45/turn              t - ring of poison resistance

@: no status effects
A: distributed training, fangs 1, strong nose
a: Depart the Abyss, Bend Space, Banish, Corrupt, Enter the Abyss, Renounce
Religion


You were on level 7 of the Dungeon.
You worshipped Lugonu.
Lugonu was extremely pleased with you.
You visited 1 branch of the dungeon, and saw 7 of its levels.
You visited the Abyss 1 time.
You also visited: Sewer.

You collected 332 gold pieces.

Inventory:

Hand Weapons
 a - a +3 hand axe
 x - a +1 vampiric hand axe (weapon)
Missiles
 i - 2 javelins (quivered)
Armour
 d - a +0 plate armour (worn)
 p - a +0 helmet (worn)
Jewellery
 k - a ring of magical power (left hand)
 s - an amulet of magic regeneration (around neck)
 t - a ring of poison resistance (right hand)
Wands
 c - a wand of digging (6)
Scrolls
 b - 3 scrolls of fog
 e - 2 scrolls of identify
 n - 3 scrolls of remove curse
 v - 2 scrolls of teleportation
 y - a scroll of magic mapping
Potions
 f - 6 potions of curing
 g - 2 potions of might
 h - a potion of magic
 j - 4 potions of flight
 l - 2 potions of brilliance
 m - 2 potions of haste
 o - 2 potions of stabbing
 q - 7 potions of heal wounds
 r - a potion of resistance
 u - a potion of ambrosia {unknown}
 w - 2 potions of degeneration {unknown}


   Skills:
 + Level 8.4 Fighting
 + Level 5.1 Short Blades
 + Level 5.1 Long Blades
 + Level 6.9 Axes
 + Level 5.1 Maces & Flails
 + Level 5.1 Polearms
 + Level 5.1 Staves
 + Level 5.1 Slings
 + Level 5.1 Bows
 + Level 5.1 Crossbows
 + Level 5.1 Throwing
 + Level 6.9 Armour
 + Level 5.8 Dodging
 + Level 5.1 Stealth
 + Level 5.1 Shields
 + Level 5.1 Unarmed Combat
 + Level 5.1 Spellcasting
 + Level 4.2 Conjurations
 + Level 4.2 Hexes
 + Level 4.2 Summonings
 + Level 4.2 Necromancy
 + Level 4.2 Translocations
 + Level 4.2 Transmutations
 + Level 4.2 Fire Magic
 + Level 4.2 Ice Magic
 + Level 4.2 Air Magic
 + Level 4.2 Earth Magic
 + Level 4.2 Poison Magic
 + Level 7.3 Invocations
 + Level 5.1 Evocations


You had 19 spell levels left.
You didn't know any spells.
Your spell library was empty.

Dungeon Overview and Level Annotations

Branches:
Dungeon (7/15)             Temple (0/1) D:6           Sewer (visited)

Altars:
Elyvilon
Hepliaklqana
Qazlal
Ru
The Shining One


Innate Abilities, Weirdness & Mutations

Your experience applies equally to all skills.
You have very sharp teeth.
Your uncanny sense of smell can sniff out nearby items.


Message History

You hit the orc warrior but do no damage.
The orc warrior is heavily wounded.
Unknown command.
You hit the orc warrior.
You feel better.
The orc warrior is severely wounded.
The orc warrior hits you with a +0 short sword.
* * * LOW HITPOINT WARNING * * *
You hit the orc warrior.
You feel better.
The orc warrior is severely wounded.
The orc warrior hits you with a +0 short sword.
* * * LOW HITPOINT WARNING * * *
Unknown command.
You hit the orc warrior but do no damage.
The orc warrior is severely wounded.
The orc warrior hits you with a +0 short sword!
* * * LOW HITPOINT WARNING * * *
You hit the orc warrior but do no damage.
The orc warrior is severely wounded.
The orc warrior hits you with a +0 short sword!
You die...

########..###.#.#.###..###
#. ..........#
#.#.#.#.....<# #.
#########.###†#.#.#......#
## #.........#.#......#
#.#.....###.#......#
#.#########.######.##
#...........### #..#
###########.....#####.###
'....5oo@.'.....'........
###..o#####.....####.....
#.. #.....# #..... #o
#.....# #..... o. #.....#
#..... #≈ #.....# #.##'# ≈
#.....# #.##.. #.....#
#.###. ####### #.# #.


You could see an orc warrior, an orc priest, a white imp and an orc.

Vanquished Creatures
  Pikel (D:4)
  A hippogriff (D:7)
  Sigmund (D:4)
  Eustachio (D:6)
  An orc warrior (D:6)
  2 sky beasts (D:5)
  A phantom (D:6)
  An ogre (D:7)
  2 centaurs
  A lemure (D:3)
  2 big kobolds
  2 bullfrogs
  A gnoll sergeant (D:7)
  A scorpion (D:6)
  A howler monkey (D:5)
  11 orc priests
  3 hounds
  2 bullfrog skeletons (D:5)
  A jelly (D:7)
  7 orc wizards
  An iguana (D:4)
  Natasha (D:4)
  9 worker ants
  2 hound skeletons
  2 worker ant zombies
  Robin (D:3)
  A howler monkey zombie (D:5)
  8 gnolls
  15 adders
  3 river rats (Sewer)
  A white imp (D:6)
  An ufetubus (D:6)
  6 oozes
  An adder skeleton (D:5)
  3 worms
  A dart slug (D:1)
  4 leopard geckos
  27 orcs
  4 ball pythons (Sewer)
  5 giant cockroaches
  14 goblins
  13 hobgoblins
  15 jackals
  2 quokkas (D:6)
  2 bats
  2 frilled lizards
  A jackal skeleton (D:4)
  28 kobolds
  2 quokka skeletons (D:5)
  25 rats
243 creatures vanquished.

Notes
Turn   | Place    | Note
-------+----------+-------------------------------------------
     0 | Abyss:1  | Gargoyl the Gnoll Abyssal Knight began the quest for the
                  | Orb.
     0 | Abyss:1  | Reached XP level 1. HP: 23/23 MP: 3/3
   119 | Abyss:2  | Noticed a small abomination
   123 | Abyss:2  | Noticed a glowing orange brain
   126 | Abyss:2  | Noticed a small abomination
   130 | D:1      | Escaped the Abyss
   523 | D:1      | Reached XP level 2. HP: 29/29 MP: 5/5
   594 | D:1      | Reached * piety under Lugonu
   655 | D:1      | Reached XP level 3. HP: 34/35 MP: 6/6
  1245 | D:2      | Reached skill level 1 in Short Blades
  1245 | D:2      | Reached skill level 1 in Long Blades
  1245 | D:2      | Reached skill level 1 in Maces & Flails
  1245 | D:2      | Reached skill level 1 in Polearms
  1245 | D:2      | Reached skill level 1 in Staves
  1245 | D:2      | Reached skill level 1 in Slings
  1245 | D:2      | Reached skill level 1 in Bows
  1245 | D:2      | Reached skill level 1 in Crossbows
  1245 | D:2      | Reached skill level 1 in Throwing
  1245 | D:2      | Reached skill level 1 in Stealth
  1245 | D:2      | Reached skill level 1 in Shields
  1245 | D:2      | Reached skill level 1 in Unarmed Combat
  1245 | D:2      | Reached skill level 1 in Spellcasting
  1245 | D:2      | Reached skill level 1 in Evocations
  1245 | D:2      | Reached XP level 4. HP: 35/41 MP: 7/7
  1762 | D:2      | Reached ** piety under Lugonu
  2045 | D:3      | Reached skill level 1 in Conjurations
  2045 | D:3      | Reached skill level 1 in Hexes
  2045 | D:3      | Reached skill level 1 in Summonings
  2045 | D:3      | Reached skill level 1 in Necromancy
  2045 | D:3      | Reached skill level 1 in Translocations
  2045 | D:3      | Reached skill level 1 in Transmutations
  2045 | D:3      | Reached skill level 1 in Fire Magic
  2045 | D:3      | Reached skill level 1 in Ice Magic
  2045 | D:3      | Reached skill level 1 in Air Magic
  2045 | D:3      | Reached skill level 1 in Earth Magic
  2045 | D:3      | Reached skill level 1 in Poison Magic
  2073 | D:3      | Reached XP level 5. HP: 31/47 MP: 8/8
  2328 | D:3      | Noticed Robin
  2337 | D:3      | Killed Robin
  2603 | D:3      | Found a white marble altar of Elyvilon.
  2605 | D:3      | Found a hazy altar of Hepliaklqana.
  2743 | D:3      | Reached skill level 5 in Invocations
  2759 | D:3      | Reached XP level 6. HP: 53/53 MP: 9/9
  3119 | D:4      | Reached skill level 5 in Axes
  3119 | D:4      | Reached skill level 5 in Armour
  3435 | D:4      | Noticed Pikel
  3491 | D:4      | Killed Pikel
  3491 | D:4      | Reached skill level 7 in Fighting
  3491 | D:4      | Reached XP level 7. HP: 8/60 MP: 9/11
  3776 | D:4      | Reached XP level 8. HP: 65/67 MP: 12/12
  4012 | D:4      | Reached *** piety under Lugonu
  4242 | D:4      | Noticed Sigmund
  4255 | D:4      | Killed Sigmund
  4456 | D:4      | Noticed Natasha
  4464 | D:4      | Killed Natasha
  4630 | D:5      | Entered Level 5 of the Dungeon
  4682 | D:5      | Found a glowing drain.
  4686 | Sewer    | Entered a sewer
  5140 | Sewer    | Reached **** piety under Lugonu
  5551 | D:5      | Reached XP level 9. HP: 12/72 MP: 14/14
  7057 | D:6      | Noticed Eustachio
  7113 | D:6      | Killed Eustachio
  7113 | D:6      | Reached skill level 5 in Dodging
  7324 | D:6      | Found a staircase to the Ecumenical Temple.
  7628 | D:6      | Reached skill level 8 in Fighting
  7694 | D:6      | Found a glowing golden altar of the Shining One.
  7736 | D:6      | Reached ***** piety under Lugonu
  7739 | D:6      | HP: 2/74 [orc priest/+1 trident of distortion (6)]
  8768 | D:6      | Found a stormy altar of Qazlal.
  8768 | D:6      | Found a sacrificial altar of Ru.
  9049 | D:7      | Noticed a two-headed ogre
  9066 | D:7      | Banished a two-headed ogre
  9066 | D:7      | Reached skill level 5 in Short Blades
  9066 | D:7      | Reached skill level 5 in Long Blades
  9066 | D:7      | Reached skill level 5 in Maces & Flails
  9066 | D:7      | Reached skill level 5 in Polearms
  9066 | D:7      | Reached skill level 5 in Staves
  9066 | D:7      | Reached skill level 5 in Slings
  9066 | D:7      | Reached skill level 5 in Bows
  9066 | D:7      | Reached skill level 5 in Crossbows
  9066 | D:7      | Reached skill level 5 in Throwing
  9066 | D:7      | Reached skill level 5 in Stealth
  9066 | D:7      | Reached skill level 5 in Shields
  9066 | D:7      | Reached skill level 5 in Unarmed Combat
  9066 | D:7      | Reached skill level 5 in Spellcasting
  9066 | D:7      | Reached skill level 5 in Evocations
  9066 | D:7      | Reached XP level 10. HP: 19/81 MP: 17/17
  9525 | D:7      | HP: 3/82 [poisoned by a gnoll sergeant]
 10190 | D:7      | Slain by an orc warrior

Illustrated notes

Levels and vault maps discovered:
D:1:      psy_arrival_dodecagon, layout_loops_ring, hex_large,
          grunt_decor_one_mirror, chequers_serial_rivers_micro_d
D:2:      layout_loops_corners
D:3:      layout_loops_ring, chequers_temple_overflow_statue_of_worship,
          st_stairs_10, uniq_robin
D:4:      layout_basic, uniq_natasha, uniq_sigmund, uniq_pikel
D:5:      layout_basic, gup_sewer_entry_bowl
D:6:      layout_cave_pods, tso_oasis_becter, gammafunk_temple_overflow_statue,
          minmay_temple_entry_mini_moons, uniq_eustachio
D:7:      layout_basic, kennysheep_mini_moat

Skill      XL: |  1  2  3  4  5  6  7  8  9 |
---------------+----------------------------+-----
Short Blades   | 1 2 3 5 |  5.1
Long Blades    | 1 2 3 5 |  5.1
Maces & Flails | 1 2 3 5 |  5.1
Polearms       | 1 2 3 5 |  5.1
Staves         | 1 2 3 5 |  5.1
Slings         | 1 2 3 5 |  5.1
Bows           | 1 2 3 5 |  5.1
Crossbows      | 1 2 3 5 |  5.1
Throwing       | 1 2 3 5 |  5.1
Stealth        | 1 2 3 5 |  5.1
Shields        | 1 2 3 5 |  5.1
Unarmed Combat | 1 2 3 5 |  5.1
Spellcasting   | 1 2 3 5 |  5.1
Evocations     | 1 2 3 5 |  5.1
Conjurations   | 1 2 3 4 |  4.2
Hexes          | 1 2 3 4 |  4.2
Summonings     | 1 2 3 4 |  4.2
Necromancy     | 1 2 3 4 |  4.2
Translocations | 1 2 3 4 |  4.2
Transmutations | 1 2 3 4 |  4.2
Fire Magic     | 1 2 3 4 |  4.2
Ice Magic      | 1 2 3 4 |  4.2
Air Magic      | 1 2 3 4 |  4.2
Earth Magic    | 1 2 3 4 |  4.2
Poison Magic   | 1 2 3 4 |  4.2
Dodging        | 3 4 5 |  5.8
Invocations    | 5 6 7 |  7.3
Axes           | 5 6 |  6.9
Armour         | 5 6 |  6.9
Fighting       | 7 8 |  8.4

Action                   |  1- 3 |  4- 6 |  7- 9 | 10-12 || total
-------------------------+-------+-------+-------+-------++-------
Melee: Hand axe          |    87 |   221 |   448 |   106 ||   862
       Bite              |    12 |    29 |    57 |    17 ||   115
       Punch             |       |     3 |     8 |     4 ||    15
       Unarmed           |       |       |     7 |       ||     7
Throw: Javelin           |       |       |     7 |       ||     7
Invok: Depart the Abyss  |     1 |       |       |       ||     1
       Banish            |       |       |       |     1 ||     1
  Use: Scroll            |     1 |    10 |     7 |       ||    18
       Potion            |       |       |     7 |     1 ||     8
Armor: Plate armour      |    79 |   175 |   389 |    50 ||   693
       Leather armour    |     1 |       |       |       ||     1
       Skin              |       |       |     1 |       ||     1
Dodge: Dodged            |    29 |    69 |   220 |    40 ||   358

Table legend: (Time is in decaauts)
 A = Elapsed time spent in this place.
 B = Non-inter-level travel time spent in this place.
 C = Inter-level travel time spent in this place.
 D = Time resting spent in this place.
 E = Time spent auto-exploring this place.
 F = Levels seen in this place.
 G = Mean time per level.
                   A        B        C        D        E       F      G
               +--------+--------+--------+--------+--------+-----+--------+
         Total |  10234 |  10080 |    154 |   3027 |   5114 |  10 | 1023.4 |
       Dungeon |   9256 |   9102 |    154 |   2718 |   4684 |   7 | 1322.3 |
         Abyss |    129 |    129 |      0 |      0 |    103 |   2 |   64.5 |
         Sewer |    848 |    848 |      0 |    309 |    327 |   1 |  848.0 |
               +--------+--------+--------+--------+--------+-----+--------+

Top non-repeatable levels by time:
     D:6: 1902 daAuts
     D:5: 1455 daAuts
     D:7: 1364 daAuts
     D:3: 1322 daAuts
     D:4: 1264 daAuts
     D:2: 997 daAuts
     D:1: 949 daAuts
   Sewer: 848 daAuts
 Abyss:2: 111 daAuts
 Abyss:1: 18 daAuts
